 Dungeon Crawl Stone Soup version 0.17.0-28-g6e173f8 (console) character file.

44 Kloppie the Insei (level 3, 0/28 HPs)
             Began as a Demonspawn Transmuter on Nov 25, 2015.
             Killed from afar by a kobold (7 damage)
             ... with a wand of magic darts
             ... on level 2 of the Dungeon.
             The game lasted 00:02:34 (1381 turns).

Kloppie the Insei (Demonspawn Transmuter)           Turns: 1381, Time: 00:02:34

Health: 0/28       AC:  4    Str: 11    XL:     3   Next: 39%
Magic:  6/6        EV: 12    Int: 14    God:
Gold:   48         SH:  0    Dex: 13    Spells: 2 memorised, 2 levels left

rFire  . . .     SeeInvis .       - Unarmed
rCold  . . .     Clarity  .     b - +0 robe
rNeg   . . .     SustAt   .     (no shield)
rPois  .         Gourm    .     j - +1 hat
rElec  .         Spirit   .     (no cloak)
rCorr  .         Warding  .     (no gloves)
rMut   .         Stasis   .     (no boots)
MR     .....                    (no amulet)
Stlth  +.........               (no ring)
                                (no ring)

@: not resistant to hostile enchantments, very unstealthy
A: icy blue scales 1, powered by death 1
a: no special abilities


You were on level 2 of the Dungeon.
You were not hungry.

You visited 1 branch of the dungeon, and saw 2 of its levels.

You collected 48 gold pieces.

Inventory:

Missiles
 a - 12 arrows
Armour
 b - a +0 robe (worn)
 j - a +1 hat (worn)
Jewellery
 p - a cursed -5 ring of intelligence {unknown}
Scrolls
 g - a scroll of remove curse {unknown}
 h - 4 scrolls of identify {unknown}
 q - a scroll of teleportation {unknown}
 r - a scroll of enchant weapon {unknown}
Potions
 e - 2 potions of haste {unknown}
 k - 2 potions of cure mutation {unknown}
 n - 2 potions of curing {unknown}
 o - a potion of brilliance {unknown}
Books
 c - a book of Changes

   Spells                             Type                      Level
   a - Beastly Appendage              Transmutation                1
   b - Sticks to Snakes               Transmutation                2
   c - Spider Form                    Transmutation/Poison         3
   d - Ice Form                       Ice/Transmutation            4
   e - Blade Hands                    Transmutation                5
Comestibles
 d - a bread ration
 f - a beef jerky
 i - a royal jelly
 l - a chunk of flesh
 m - a meat ration


   Skills:
 - Level 2.3 Fighting
 - Level 1.7 Dodging
 + Level 3.4 Unarmed Combat
 - Level 2.0 Spellcasting
 + Level 1.7 Transmutations


You had 2 spell levels left.
You knew the following spells:

 Your Spells              Type           Power        Failure   Level  Hunger
a - Beastly Appendage     Trmt           #.....       14%         1    ##.....
b - Spider Form           Trmt/Pois      #.........   61%         3    ####...


Dungeon Overview and Level Annotations

Branches:
Dungeon (2/15)

Altars:


Innate Abilities, Weirdness & Mutations

You are partially covered in icy blue scales (AC +1).
You regenerate a little health from kills.


Message History

Eating one of 2 chunks of flesh.
This raw flesh tastes terrible.
You continue eating. x2
A kobold comes into view. It is wielding a whip.
A kobold is nearby!
The kobold shouts!
The kobold throws a stone.
The stone barely misses you.
The kobold zaps a wand.
The magic dart hits you!
It is a wand of magic darts.
The kobold zaps a wand.
The magic dart hits you!
The kobold zaps a wand.
The magic dart hits you!
* * * LOW HITPOINT WARNING * * *
You are too injured to fight recklessly!
You are too injured to fight recklessly!
You are too injured to fight recklessly!
The kobold throws a stone.
The stone hits you.
* * * LOW HITPOINT WARNING * * *
The kobold zaps a wand.
The magic dart hits you!
* * * LOW HITPOINT WARNING * * *
You hit the kobold but do no damage.
The kobold zaps a wand.
The magic dart hits you!
You die...

#.........#....#.# #.##.#.
#................# #.#....
#####.........#....### #.#..#.
..............#....# #.#..#.
.####.........#....# ###.#....
..............#....# #...#.##.
.##..#........#....####.#.#......
.##.#_#.###.............#..<#....
.....#..# #.....@K###########....
........####.........# #..).
...........#......##.# #....
#.......##.#......##.# #....
#.......##.#....<.##.########....
#.......##(.......##.............
#.......##........###########....
#.......##........# #....
#.......##...###### #....


You could see a kobold.

Vanquished Creatures
  2 adders (D:2)
  An ooze (D:1)
  A giant gecko (D:2)
  2 goblins (D:1)
  A hobgoblin (D:1)
  6 kobolds
  3 bats (D:1)
  3 jackals (D:2)
  3 rats (D:1)
22 creatures vanquished.

Notes
Turn   | Place    | Note
--------------------------------------------------------------
     0 | D:1      | Kloppie the Demonspawn Transmuter began the quest for the Orb.
     0 | D:1      | Reached XP level 1. HP: 15/15 MP: 3/3
   384 | D:1      | Reached skill level 3 in Unarmed Combat
   384 | D:1      | Gained mutation: You regenerate a little health from kills. [demonic ancestry]
   384 | D:1      | Reached XP level 2. HP: 1/21 MP: 5/5
  1099 | D:2      | Gained mutation: You are partially covered in icy blue scales (AC +1). [demonic ancestry]
  1099 | D:2      | Reached XP level 3. HP: 8/27 MP: 6/6
  1342 | D:2      | Learned a level 3 spell: Spider Form
  1344 | D:2      | Found a faded altar to an unknown god.
  1381 | D:2      | Killed from afar by a kobold

Action                   || total
-------------------------++-------
Melee: Unarmed           ||   106
  Eat: Chunk             ||     2
